 Dungeon Crawl Stone Soup version 0.25-b1-38-g32f9adbbe0 (webtiles) character file.

Game seed: 8507748951262123105

186 Froggeryz the Ruffian (level 5, -1/52 HPs)
             Began as a Troll Wanderer on June 7, 2020.
             Slain by Grinder (4 damage)
             ... on level 3 of the Dungeon.
             The game lasted 00:03:46 (1679 turns).

Froggeryz the Ruffian (Troll Wanderer)              Turns: 1679, Time: 00:03:47

Health: -1/52      AC:  6    Str: 19    XL:     5   Next: 38%
Magic:  4/4        EV:  9    Int: 12    God:
Gold:   189        SH:  0    Dex:  7    Spells: 4/4 levels left

rFire    . . .     SeeInvis .     - Unarmed
rCold    . . .     Gourm    +   (no shield)
rNeg     . . .     Faith    .   e - +0 robe
rPois    .         Spirit   .   (helmet restricted)
rElec    .         Reflect  .   (no cloak)
rCorr    .         Harm     .   (gloves unavailable)
MR       .....                  (boots unavailable)
Stlth    +.........             (no amulet)
HPRegen  0.57/turn              (no ring)
MPRegen  0.09/turn              (no ring)

@: confused
A: large, unfitting armour, claws 3, fast metabolism 3, gourmand, regeneration
1, shaggy fur 1, tough skin 3
a: no special abilities


You were on level 3 of the Dungeon.
You were completely stuffed.

You visited 1 branch of the dungeon, and saw 3 of its levels.

You collected 189 gold pieces.

Inventory:

Hand Weapons
 a - a +0 hand crossbow
Missiles
 c - 12 bolts
 n - 3 silver javelins (quivered)
Armour
 e - a +0 robe (worn)
Scrolls
 b - 4 scrolls of identify {unknown}
 h - a scroll of remove curse {unknown}
 l - 3 scrolls of teleportation {unknown}
Potions
 g - a potion of heal wounds {unknown}
 i - 2 potions of magic {unknown}
 j - a potion of haste {unknown}
 m - a potion of ambrosia
Comestibles
 d - 12 chunks of flesh
 f - 7 rations


   Skills:
 + Level 2.9 Fighting
 - Level 1.0 Crossbows
 - Level 1.0 Throwing
 * Level 4.2 Unarmed Combat
   Level 2.1 Summonings
   Level 1.3 Fire Magic
   Level 1.0 Evocations


You had 4 spell levels left.
You didn't know any spells.
Your spell library contained the following spells:

 Spells                   Type           Power        Failure   Level  Hunger
 Summon Small Mammal      Summ           #...         14%         1    ##.....
 Foxfire                  Conj/Fire      #...         26%         1    ##.....
 Recall                   Summ/Tloc      N/A          54%         3    ####...
 Conjure Flame            Conj/Fire      #.......     58%         3    ####...
 Inner Flame              Hex/Fire       #.......     58%         3    ####...
 Sticky Flame             Conj/Fire      #.......     94%         4    #####..
 Fireball                 Conj/Fire      #.........   100%        5    ######.


Dungeon Overview and Level Annotations

Branches:
Dungeon (3/15)

Altars:
Nemelex Xobeh

Annotations:
D:3 Grinder


Innate Abilities, Weirdness & Mutations

You are too large for most types of armour.
You have claws for hands.
Your metabolism is lightning-fast.
You like to eat raw meat.
Your natural rate of healing is unusually fast.
You are covered in fur. (AC +1)
You have extremely tough skin. (AC +3)


Message History

The silver sears Grinder!
Grinder is moderately wounded.
The silver javelin pierces through the orc.
The orc is almost dead.
Grinder hits you!
* * * LOW HITPOINT WARNING * * *
You writhe in agony.
* * * LOW HITPOINT WARNING * * *
Unknown command.
It was a potion of ambrosia.
You are confused.
You feel invigorated. Grinder hits you!
* * * LOW HITPOINT WARNING * * *
You writhe in agony.
* * * LOW HITPOINT WARNING * * *
Unknown command.
Grinder hits you.
* * * LOW HITPOINT WARNING * * *
You writhe in agony.
You die...

#......###...........#
#......<.............#
#..........†.........#
....................#
............#########
+###.......#
#....#+#### #.##.# #.
#@# #. #5# ...#.#%##o#
.......(.(#
######.#### ((( ..##.
#. #. # #.


You could see Grinder and an orc.

Vanquished Creatures
  3 orc wizards (D:2)
  2 adders (D:2)
  3 oozes
  6 orcs
  3 bats
  3 giant cockroaches
  4 hobgoblins
  11 jackals
  2 quokkas (D:2)
  5 frilled lizards
  8 goblins
  10 kobolds
  10 rats
70 creatures vanquished.

Notes
Turn   | Place    | Note
-------+----------+-------------------------------------------
     0 | D:1      | Froggeryz the Troll Wanderer began the quest for the Orb.
     0 | D:1      | Froggeryz set off with the following items: a +0 hand
                  | crossbow, 23 bolts, a +0 robe, 2 rations; and the following
                  | spells available to memorise: Summon Small Mammal, Foxfire,
                  | Recall, Conjure Flame, Inner Flame, Sticky Flame, Fireball
     0 | D:1      | Reached XP level 1. HP: 19/19 MP: 0/0
    52 | D:1      | Reached skill level 1 in Unarmed Combat
   138 | D:1      | Reached XP level 2. HP: 28/28 MP: 1/1
   647 | D:2      | Reached skill level 2 in Unarmed Combat
   720 | D:2      | Reached XP level 3. HP: 35/35 MP: 2/2
  1179 | D:2      | Reached skill level 3 in Unarmed Combat
  1179 | D:2      | Reached XP level 4. HP: 41/44 MP: 3/3
  1449 | D:2      | Reached XP level 5. HP: 46/50 MP: 4/4
  1452 | D:2      | Reached skill level 4 in Unarmed Combat
  1529 | D:3      | Found a sparkling altar of Nemelex Xobeh.
  1665 | D:3      | Noticed Grinder
  1679 | D:3      | Slain by Grinder

Illustrated notes

Levels and vault maps discovered:
D:1:      scummos_arrival_forest, layout_rooms
D:2:      layout_loops_ring
D:3:      layout_basic, first_ration, minivault_19, nemelex_dance_club_becter,
          uniq_grinder

Skill      XL: |  1  2  3  4  5 |
---------------+----------------+-----
Unarmed Combat | 1 2 3 4 |  4.2
Fighting       | 2 |  2.9
Crossbows      | |  1.0
Throwing       | |  1.0
Summonings     | |  2.1
Fire Magic     | |  1.3
Evocations     | |  1.0

Action                   |  1- 3 |  4- 6 || total
-------------------------+-------+-------++-------
Melee: Unarmed           |    96 |    46 ||   142
       Punch             |     1 |     1 ||     2
 Fire: Hand crossbow     |    47 |    17 ||    64
Throw: Javelin           |       |     5 ||     5
       Throwing net      |       |     1 ||     1
  Use: Potion            |       |     1 ||     1
  Eat: Chunk             |    16 |     5 ||    21
Armor: Robe              |    48 |    37 ||    85
Dodge: Dodged            |    56 |    32 ||    88
